 Dungeon Crawl Stone Soup version 0.21-a0-401-g0b6bec4 (webtiles) character file.

131 AmayaElls the Skirmisher (level 4, -3/41 HPs)
             Began as a Draconian Berserker on Oct 24, 2017.
             Was a Believer of Trog.
             Slain by TheSlyBlade's ghost (5 damage)
             ... on level 3 of the Dungeon.
             The game lasted 00:13:07 (2806 turns).

AmayaElls the Skirmisher (Draconian Berserker)      Turns: 2806, Time: 00:13:08

Health: -3/41      AC:  5    Str: 20      XL:     4   Next: 91%
Magic:  4/4        EV: 13    Int:  7      God:    Trog [**....]
Gold:   119        SH:  0    Dex: 10 (11) Spells: 3/3 levels left

rFire    . . .     SeeInvis .   a - +0 mace
rCold    . . .     Gourm    .   (no shield)
rNeg     . . .     Faith    .   (armour unavailable)
rPois    +         Spirit   .   (helmet restricted)
rElec    .         Reflect  .   (no cloak)
rCorr    .         Harm     .   (no gloves)
MR       .....                  (no boots)
Stlth    +.........             (no amulet)
HPRegen  0.13/turn              d - ring of poison resistance
MPRegen  0.09/turn              e - ring of poison resistance

@: no status effects
A: unfitting armour, cold-blooded, AC +5
a: Berserk, Trog's Hand, Burn Spellbooks, Renounce Religion


You were on level 3 of the Dungeon.
You worshipped Trog.
Trog was pleased with you.
You were not hungry.

You visited 1 branch of the dungeon, and saw 3 of its levels.

You collected 119 gold pieces.

Inventory:

Hand Weapons
 a - a +0 mace (weapon)
 j - a +0 war axe
Jewellery
 d - a ring of poison resistance (left hand)
 e - a ring of poison resistance (right hand)
Scrolls
 g - a scroll of fear
 h - a scroll of fog
Comestibles
 b - 4 bread rations
 c - a royal jelly
 f - 3 fruits
 i - a meat ration


   Skills:
 * Level 4.7 Fighting
 * Level 4.2 Maces & Flails
 + Level 3.2 Dodging


You had 3 spell levels left.
You didn't know any spells.

Dungeon Overview and Level Annotations

Branches:
Dungeon (3/15)

Altars:
Fedhas
Ru
Trog
Xom

Annotations:
D:3 TheSlyBlade's ghost, amateur DsAK


Innate Abilities, Weirdness & Mutations

Your plain brown scales are hard. (AC +5)
You cannot fit into any form of body armour.
You are cold-blooded and may be slowed by cold attacks.


Message History

TheSlyBlade's ghost is lightly damaged.
TheSlyBlade's ghost hits you.
* * * LOW HITPOINT WARNING * * *
You closely miss TheSlyBlade's ghost.
TheSlyBlade's ghost is lightly damaged.
TheSlyBlade's ghost hits you.
* * * LOW HITPOINT WARNING * * *
You hit TheSlyBlade's ghost but do no damage.
TheSlyBlade's ghost is lightly damaged.
TheSlyBlade's ghost hits you.
* * * LOW HITPOINT WARNING * * *
The goblin hits you with a club.
* * * LOW HITPOINT WARNING * * *
You hit TheSlyBlade's ghost.
TheSlyBlade's ghost is moderately damaged.
TheSlyBlade's ghost misses you. The goblin barely misses you.
You closely miss TheSlyBlade's ghost.
TheSlyBlade's ghost is moderately damaged.
TheSlyBlade's ghost hits you.
You die...

#.........#.
#.......###.
#.......# #.
#.......# #.
#.......# #
#.......#
####.......#
########......#####
#..)W@##......#
..#.###g#.......#
....g...#......##
......#.........#
##.### #..#..#####
... ##....# .#.
.....# . #######


You could see TheSlyBlade's ghost and a goblin.

Vanquished Creatures
  5 adders (D:2)
  An ooze (D:1)
  5 worms
  2 dart slugs (D:2)
  A leopard gecko (D:1)
  3 orcs (D:3)
  7 bats
  4 goblins
  8 hobgoblins
  7 jackals (D:1)
  3 kobolds
  2 quokkas (D:2)
  3 frilled lizards (D:1)
  8 rats
59 creatures vanquished.

Vanquished Creatures (others)
  4 toadstools (D:1)
4 creatures vanquished.

Grand Total: 63 creatures vanquished

Notes
Turn   | Place    | Note
-------+----------+-------------------------------------------
     0 | D:1      | AmayaElls the Draconian Berserker began the quest for the Orb.
     0 | D:1      | Reached XP level 1. HP: 19/19 MP: 1/1
    44 | D:1      | Reached XP level 2. HP: 11/26 MP: 2/2
  1098 | D:1      | Reached XP level 3. HP: 32/33 MP: 3/3
  1254 | D:2      | Found a blossoming altar of Fedhas.
  1344 | D:2      | Reached ** piety under Trog
  1687 | D:2      | Reached XP level 4. HP: 41/41 MP: 4/4
  1691 | D:2      | Found a shimmering altar of Xom.
  1822 | D:2      | Found a sacrificial altar of Ru.
  2100 | D:2      | Noticed a moth of wrath
  2103 | D:2      | Found a bloodstained altar of Trog.
  2784 | D:3      | Noticed TheSlyBlade's ghost (amateur DsAK)
  2804 | D:3      | HP: 2/41 [goblin/club (1)]
  2806 | D:3      | Slain by TheSlyBlade's ghost

Vault maps used:
D:1:      ldierk_water_garden, serial_co_window_serial, co_window_corner_a,
          co_window_corner_a, co_window_of_opportunity_a, co_window_paths_a,
          co_window_corner_a, co_window_corner_cb, co_window_cross_2,
          co_window_corner_b, co_window_broadway_b, co_window_unsneaky_path_c,
          co_window_unsneaky_path_d, glass_columns_b, glass_columns_b,
          glass_columns_a, glass_columns_c, serial_bayou_pond_c
D:2:      fedhas_altar_1, marbit_many_paths, nicolae_ru_path_of_blood, tgw_trog
D:3:      first_bread, minivault_19

Skill      XL: |  1  2  3  4 |
---------------+-------------+-----
Dodging        | 3 |  3.2
Fighting       | 4 |  4.7
Maces & Flails | 4 |  4.2

Action                   |  1- 3 |  4- 6 || total
-------------------------+-------+-------++-------
Melee: Mace              |   103 |   105 ||   208
       Tailslap          |    11 |    10 ||    21
Invok: Berserk           |     1 |     1 ||     2
       Burn Spellbooks   |     1 |       ||     1
  Use: Scroll            |     5 |     1 ||     6
       Potion            |     2 |       ||     2
 Stab: Sleeping          |     1 |       ||     1
  Eat: Royal jelly       |     1 |       ||     1
       Chunk             |     2 |       ||     2
       Meat ration       |       |     1 ||     1
Armor: Skin              |    19 |    32 ||    51
Dodge: Dodged            |    73 |    91 ||   164

Table legend:
 A = Spawn XP
 B = Non-spawn XP
 C = Spawn XP percentage of total XP
 D = Spawn monster count
 E = Non-spawn monster count
 F = Spawn count percentage of total count
 G = Total turns spent on level
                    A         B        C        D         E        F      G
               +---------+---------+-------+---------+---------+-------+---------
         Total |       0 |     188 |   0.0 |       0 |      59 |   0.0 |  2806
               +---------+---------+-------+---------+---------+-------+---------
           D:1 |       0 |      48 |   0.0 |       0 |      25 |   0.0 |  1249
           D:2 |       0 |     115 |   0.0 |       0 |      24 |   0.0 |  1336
           D:3 |       0 |      25 |   0.0 |       0 |      10 |   0.0 |   221
               +---------+---------+-------+---------+---------+-------+---------
